 Dungeon Crawl Stone Soup version 0.31-a0-675-g238779eb0a (webtiles) character file.

Game seed: 1411436842999359011

59 Dittersdorf the Trooper (level 4, 0/29 HPs)
             Began as a Gargoyle Fighter on Sept 5, 2023.
             Slain by Natasha (5 damage)
             ... on level 2 of the Dungeon.
             The game lasted 00:01:56 (1353 turns).

Dittersdorf the Trooper (Gargoyle Fighter)          Turns: 1353, Time: 00:01:56

Health: 0/29       AC:  0    Str: 21    XL:     4   Next: 3%
Magic:  4/4        EV: 13    Int:  9    God:
Gold:   71         SH:  0    Dex:  9    Spells: 3/3 levels left

rFire   . . .        a - melded +0 flail
rCold   . . .        c - melded +0 buckler
rNeg    + . .        b - melded +0 scale mail
rPois   ∞            (helmet currently unavailable)
rElec   .            (cloak currently unavailable)
rCorr   .            o - melded +0 pair of gloves
SInv    .            (boots currently unavailable)
Will    .....        i - amulet of magic regeneration
Stlth   +            (ring currently unavailable)
HPRegen 0.24/turn    (ring currently unavailable)
MPRegen 0.49/turn

%: no passive effects
@: pig-form, slowed
A: fast, no casting, sickness immunity, AC +3, small, negative energy resistance
1, (electricity resistance), torment resistance 1, petrification resistance
a: no special abilities


You were on level 2 of the Dungeon.
You were a filthy swine.
You visited 1 branch of the dungeon, and saw 2 of its levels.

You collected 71 gold pieces.

Inventory:

Hand Weapons
 a - a +0 flail (melded)
Missiles
 k - 3 poisoned darts (quivered)
Armour
 b - a +0 scale mail (melded)
 c - a +0 buckler (melded)
 o - a +0 pair of gloves (melded)
Jewellery
 i - an amulet of magic regeneration (around neck)
Scrolls
 e - a scroll of fog {unknown}
 g - a scroll of summoning {unknown}
 j - 2 scrolls of enchant armour {unknown}
 l - 3 scrolls of vulnerability {unknown}
 m - a scroll of immolation {unknown}
 n - a scroll of identify {unknown}
Potions
 d - 5 potions of might
 f - 2 potions of mutation {unknown}
 h - 2 potions of heal wounds {unknown}


   Skills:
 + Level 3.9 Fighting
 + Level 2.6 Maces & Flails
 + Level 3.8 Armour
 + Level 3.8 Shields


You had 3 spell levels left.
You didn't know any spells.
Your spell library contained the following spells:

 Spells                   Type           Power      Damage    Failure   Level
 Sting                    Tmut/Pois      0%         1d3       38%         1
 Poisonous Vapours        Pois/Air       0%         N/A       52%         2
 Olgreb's Toxic Radiance  Pois           0%         N/A       99%         4


Dungeon Overview and Level Annotations

Branches:
Dungeon (2/15)

Altars:

Shops:
D:1 (

Annotations:
D:2 Natasha


Innate Abilities, Weirdness & Mutations

You are a filthy swine.
You move quickly.
Your equipment is almost entirely melded.
You are incapable of wielding weapons or throwing items.
You cannot cast spells.
You are immune to sickness and miasma.
((Your stone body is resilient. (AC +3)))
You are immune to poison.
You resist negative energy. (rN+)
((You are resistant to electric shocks. (rElec)))
You are resistant to unholy torment.
You are immune to petrification.


Message History

You are too injured to fight recklessly!
You are too injured to fight recklessly!
You are too injured to fight recklessly!
You are too injured to fight recklessly!
You are too injured to fight recklessly!
You are too injured to fight recklessly!
You are too injured to fight recklessly!
You are too injured to fight recklessly!
You are too injured to fight recklessly!
You are too injured to fight recklessly!
You are too injured to fight recklessly!
You are too injured to fight recklessly!
You are too injured to fight recklessly!
You are too injured to fight recklessly!
You are too injured to fight recklessly!
You are too injured to fight recklessly!
You are too injured to fight recklessly!
You are too injured to fight recklessly!
You closely miss Natasha.
Natasha is moderately wounded.
Natasha claws you.
You hit Natasha.
Natasha is heavily wounded.
Natasha barely misses you. x2
You barely miss Natasha.
Natasha is heavily wounded.
Natasha closely misses you.
You miss Natasha.
Natasha is heavily wounded.
Natasha stares at you and mumbles some strange words.
You feel as though you will be slow longer.
You hit Natasha.
Natasha is severely wounded.
Natasha claws you.
* * * LOW HITPOINT WARNING * * *
You hit Natasha.
Natasha is almost dead.
Natasha barely misses you. Natasha claws you.
You die...
Natasha begins licking her fur clean.

#####.#
#.#
#####
......#
#.#.#
#######
#†#.#
#.#.#
#.#.#
#.#.#
#.#.#
#.#h#
#.#h#
#...#
#.###
###


You could see Natasha.

Vanquished Creatures
  An adder (D:2)
  3 dart slugs
  A worm (D:2)
  5 endoplasms
  4 giant cockroaches
  A goblin (D:1)
  5 hobgoblins
  A quokka (D:1)
  3 ball pythons (D:1)
  6 bats
  2 frilled lizards (D:1)
  5 kobolds (D:1)
  2 rats
39 creatures vanquished.

Notes
Turn   | Place    | Note
-------+----------+-------------------------------------------
     0 | D:1      | Dittersdorf the Gargoyle Fighter began the quest for the
                  | Orb.
     0 | D:1      | Reached XP level 1. HP: 14/14 MP: 1/1
    90 | D:1      | Reached XP level 2. HP: 19/19 MP: 2/2
   136 | D:1      | Found Leter's Weapon Emporium.
   332 | D:1      | Reached XP level 3. HP: 22/23 MP: 3/3
  1290 | D:2      | Identified the +4 dagger of Dithmenos's Regard {heavy,
                  | Int+5}
  1327 | D:2      | Reached XP level 4. HP: 28/29 MP: 4/4
  1337 | D:2      | Noticed Natasha
  1353 | D:2      | Slain by Natasha

Illustrated notes

Levels and vault maps discovered:
D:1:      amcnicky_arrival_single_pillar, layout_basic, serial_shops,
          nicolae_shop_tiny_statue_garden, dk_noncrumbling_3,
          minmay_large_rounded_square, supply_closet_lemuel
D:2:      layout_basic, uniq_natasha

Action                     |  1- 3 |  4- 6 || total
---------------------------+-------+-------++-------
  Melee: Flail             |   115 |     8 ||   123
         Unarmed           |       |     7 ||     7
 Armour: Scale mail        |   104 |     3 ||   107
         Skin              |       |     4 ||     4
  Dodge: Dodged            |    44 |     6 ||    50
  Block: Buckler           |    27 |     3 ||    30

Table legend: (Time is in decaauts)
 A = Elapsed time spent in this place.
 B = Non-inter-level travel time spent in this place.
 C = Inter-level travel time spent in this place.
 D = Time resting spent in this place.
 E = Time spent auto-exploring this place.
 F = Levels seen in this place.
 G = Mean time per level.
                   A        B        C        D        E       F      G
               +--------+--------+--------+--------+--------+-----+--------+
         Total |   1394 |   1378 |     16 |     61 |   1012 |   2 |  697.0 |
       Dungeon |   1394 |   1378 |     16 |     61 |   1012 |   2 |  697.0 |
               +--------+--------+--------+--------+--------+-----+--------+

Top non-repeatable levels by time:
     D:1: 892 daAuts
     D:2: 502 daAuts
